 Dungeon Crawl Stone Soup version 0.27.1-34-g3ba077fa99 (webtiles) character file.

Game seed: 6186474838434945924

5859 Delamore the Unseen (level 10, -8/68 HPs)
             Began as an Octopode Brigand on Jan 16, 2022.
             Was an Initiate of Gozag.
             Mangled by a two-headed ogre (14 damage)
             ... on level 8 of the Dungeon.
             The game lasted 00:11:22 (8415 turns).

Delamore the Unseen (Octopode Brigand)              Turns: 8415, Time: 00:11:22

Health: -8/68      AC:  3    Str: 11    XL:     10   Next: 81%
Magic:  1/1        EV: 15    Int: 14    God:    Gozag
Gold:   774        SH:  0    Dex: 16    Spells: 9/9 levels left

rFire    + . .     SeeInvis .   e - +8 quick blade
rCold    + + .     Faith    +   (no shield)
rNeg     + + .     Spirit   .   r - +2 hat "Bexeofi" {rPois rF+ rC+ MP-9}
rPois    +         Reflect  .   f - amulet of faith
rElec    .         Harm     .   i - ring of protection from cold
rCorr    .         Rampage  .   s - ring of positive energy
Will     .....                  w - ring of positive energy
Stlth    +++++++...             (no ring)
HPRegen  0.21/turn              (no ring)
MPRegen  0.07/turn              (no ring)
                                (no ring)
                                (no ring)

@: no status effects
A: almost no armour, amphibious, 8 rings, camouflage 1, gelatinous body 1,
(nimble swimmer 1), tentacles
a: Renounce Religion, Potion Petition, Call Merchant, Bribe Branch


You were on level 8 of the Dungeon.
You worshipped Gozag.
Gozag was pleased with you.
You visited 2 branches of the dungeon, and saw 9 of its levels.
You also visited: Ossuary.

You collected 859 gold pieces.
You spent 22 gold pieces at shops.
You paid 63 gold pieces to Gozag.

Inventory:

Hand Weapons
 a - a +2 dagger
 e - a +8 quick blade (weapon)
Missiles
 b - 47 poisoned darts
 c - 8 curare-tipped darts (quivered)
Armour
 r - the +2 hat "Bexeofi" (worn) {rPois rF+ rC+ MP-9}
   (You acquired it on level 6 of the Dungeon)

   rF:        It protects you from fire.
   rC:        It protects you from cold.
   rPois:     It protects you from poison.
   MP:        It affects your magic capacity (-9).
Jewellery
 f - an amulet of faith (around mantle)
 i - a ring of protection from cold (left tentacle)
 s - a ring of positive energy (right tentacle)
 w - a ring of positive energy (on tentacle)
Wands
 q - a wand of iceblast (5)
 u - a wand of paralysis (8)
 v - a wand of polymorph (4)
Scrolls
 j - a scroll of enchant armour
 l - 3 scrolls of magic mapping
 x - a scroll of amnesia
 y - 2 scrolls of identify
Potions
 d - a potion of flight {unknown}
 g - 2 potions of cancellation {unknown}
 h - 3 potions of curing
 k - 3 potions of heal wounds
 m - a potion of resistance {unknown}
 n - 2 potions of lignification {unknown}
 o - 2 potions of degeneration {unknown}
 p - 3 potions of berserk rage {unknown}
 t - a potion of attraction {unknown}
 z - a potion of might {unknown}


   Skills:
 + Level 5.8 Fighting
 - Level 8.0 Short Blades
 + Level 3.5 Throwing
 - Level 5.0 Dodging
 - Level 15.0 Stealth
 * Level 4.4 Evocations


You had 9 spell levels left.
You didn't know any spells.
Your spell library contained the following spells:

 Spells                   Type           Power      Damage    Failure   Level
 Passwall                 Tmut/Erth      0%         N/A       41%         2
 Static Discharge         Conj/Air       0%         N/A       41%         2
 Dazzling Flash           Conj/Hex       0%         N/A       65%         3
 Swiftness                Air            0%         N/A       65%         3
 Dispel Undead            Necr           0%         3d6       96%         4
 Sticky Flame             Conj/Fire      0%         2d3       96%         4
 Agony                    Necr           0%         N/A       100%        5
 Lightning Bolt           Conj/Air       0%         1d11      100%        5
 Silence                  Hex/Air        0%         N/A       100%        5
 Invisibility             Hex            0%         N/A       100%        6
 Maxwell's Capacitive Co  Air            0%         ∞         100%        8


Dungeon Overview and Level Annotations

Branches:
Dungeon (8/15)             Temple (1/1) D:5         Ossuary (visited)
   Lair: D:8-11

Altars:
Ashenzari
Dithmenos
Elyvilon
Fedhas
Gozag
Hepliaklqana
Makhleb
Okawaru
Qazlal
Ru
Trog
Uskayaw
Vehumet
Wu Jian
Xom
Zin

Shops:
D:4 ?


Innate Abilities, Weirdness & Mutations

You cannot wear most types of armour.
You are amphibious.
You can wear up to eight rings at the same time.
Your skin changes colour to match your surroundings (Stealth+).
Your rubbery body absorbs attacks. (AC +1, EV +1)
((You are camouflaged near water. (Stealth+)))
You have tentacles for arms and can constrict up to eight enemies at once.


Message History

You closely miss the killer bee. You grab the killer bee.
The killer bee is lightly wounded.
You constrict the killer bee, but do no damage.
The killer bee stings you.
You hit the killer bee. You squeeze the killer bee!
You kill the killer bee!
No target in view!
No target in view!
No target in view!
No target in view!
No target in view!
No target in view!
No target in view!
You now have 767 gold pieces (gained 6).
You now have 774 gold pieces (gained 7).
y - 2 scrolls of identify (gained 1)
Found a stone staircase leading down.
There is a stone staircase leading down here.
You open the door.
A two-headed ogre comes into view.
It is wielding a +0 giant club and a +0 dire flail.
Found 14 gold pieces.
Found a stone staircase leading up.
There is an open door here.
A bullfrog comes into view.
The two-headed ogre shouts in stereo!
The bullfrog croaks.
The two-headed ogre misses you. The two-headed ogre closely misses you.
The bullfrog barely misses you.
You hit the two-headed ogre. You squeeze the two-headed ogre.
The two-headed ogre is lightly wounded.
The two-headed ogre hits you with a +0 giant club!
The two-headed ogre misses you. The bullfrog closely misses you.
The two-headed ogre hits you with a +0 giant club!!
The two-headed ogre barely misses you. The bullfrog closely misses you. x2
The bullfrog hits you!
* * * LOW HITPOINT WARNING * * *
The two-headed ogre hits you with a +0 giant club!
* * * LOW HITPOINT WARNING * * *
The two-headed ogre hits you with a +0 dire flail!
You die...
Your body crumbles into a pile of gold.

#.#.########..##
#.#.#########.#
#.#.#.......#.#
#.#.#.♣.♣.♣.#.#
#.#.#.......#.#
#(#.#<......'.#
#.#.......###
###.♣O♣.♣$#
#..F@...#
#########


You could see a two-headed ogre and a bullfrog.

Vanquished Creatures
  A boulder beetle (D:7)
  Pikel (D:7)
  A manticore (D:6)
  2 trolls (D:7)
  Grinder (D:3)
  2 vampire mosquitoes (D:7)
  A steam dragon (D:7)
  A black bear (D:7)
  2 orc warriors (D:7)
  A sky beast (D:6)
  A necrophage (D:5)
  An ogre (D:7)
  A hornet zombie (D:6)
  A kobold brigand (D:6)
  4 lemures (D:7)
  An elf zombie (Ossuary)
  4 bullfrogs
  3 scorpions
  A wyvern zombie (D:7)
  2 wyvern skeletons
  23 killer bees
  A bullfrog zombie (D:5)
  A centaur zombie (Ossuary)
  A centaur skeleton (D:7)
  2 jellies
  6 hounds
  2 human zombies (Ossuary)
  2 orc priests
  Ijyb (D:5)
  3 iguanas
  5 orc wizards
  A killer bee zombie (D:7)
  A hound zombie (Ossuary)
  A hound skeleton (D:5)
  4 mummies
  3 gnolls (D:5)
  A howler monkey skeleton (D:5)
  5 adders
  2 shadow imps
  A white imp (D:7)
  6 adder zombies (Ossuary)
  3 worms
  A dart slug (D:1)
  18 orcs
  4 ball pythons
  5 bats
  10 endoplasms
  4 giant cockroaches
  6 goblins
  5 hobgoblins
  3 quokkas
  7 frilled lizards
  2 gnoll zombies (Ossuary)
  4 goblin zombies (Ossuary)
  A hobgoblin zombie (Ossuary)
  2 jackal zombies (Ossuary)
  14 kobolds
  5 kobold zombies (Ossuary)
  3 orc zombies (Ossuary)
  4 quokka zombies (Ossuary)
  3 rats
  2 rat zombies (Ossuary)
210 creatures vanquished.

Notes
Turn   | Place    | Note
-------+----------+-------------------------------------------
     0 | D:1      | Delamore the Octopode Brigand began the quest for the Orb.
     0 | D:1      | Reached XP level 1. HP: 14/14 MP: 1/1
    85 | D:1      | Reached XP level 2. HP: 19/19 MP: 2/2
   543 | D:1      | Reached skill level 6 in Stealth
   623 | D:1      | Identified a scroll of acquirement
   623 | D:1      | Acquired a +7 quick blade
   640 | D:2      | Reached XP level 3. HP: 24/24 MP: 3/3
   751 | D:2      | Found a faded altar of an unknown god.
  1375 | D:3      | Reached XP level 4. HP: 27/29 MP: 4/4
  1860 | D:3      | Noticed Grinder
  1872 | D:3      | Reached skill level 7 in Stealth
  1872 | D:3      | Paralysed by Grinder for 3 turns
  1881 | D:3      | Killed Grinder
  1882 | D:3      | Reached skill level 8 in Stealth
  1882 | D:3      | Reached XP level 5. HP: 22/34 MP: 5/5
  1882 | D:3      | Reached XP level 6. HP: 26/39 MP: 6/6
  2252 | D:4      | Found a sand-covered staircase.
  2260 | Ossuary  | Entered an ossuary
  2283 | Ossuary  | Reached skill level 5 in Short Blades
  2409 | Ossuary  | Reached XP level 7. HP: 34/45 MP: 7/7
  2500 | Ossuary  | Reached skill level 9 in Stealth
  3310 | D:4      | Reached skill level 10 in Stealth
  3431 | D:4      | Found Dutysuask's Magic Scroll Emporium.
  3451 | D:4      | Bought a scroll of identify for 22 gold pieces
  3689 | D:4      | Reached XP level 8. HP: 42/50 MP: 8/8
  3771 | D:5      | Entered Level 5 of the Dungeon
  3815 | D:5      | Found a staircase to the Ecumenical Temple.
  3857 | Temple   | Entered the Ecumenical Temple
  3959 | Temple   | Became a worshipper of Gozag Ym Sagoz the Greedy
  4313 | D:5      | Noticed Ijyb
  4329 | D:5      | Killed Ijyb
  4551 | D:5      | Found a blossoming altar of Fedhas.
  4638 | D:6      | Reached skill level 11 in Stealth
  4749 | D:6      | Noticed a manticore
  4766 | D:6      | Killed a manticore
  4767 | D:6      | Reached XP level 9. HP: 27/58 MP: 9/9
  4933 | D:6      | Acquired the +2 hat "Bexeofi" {rPois rF+ rC+ MP-9}
  5450 | D:6      | You fall into a shaft and drop 1 floor!
  5468 | D:7      | Noticed Pikel
  5481 | D:7      | Noticed a troll
  5486 | D:7      | Noticed a boulder beetle
  5732 | D:7      | Killed Pikel
  5733 | D:7      | Reached skill level 5 in Fighting
  5733 | D:7      | Reached skill level 12 in Stealth
  6167 | D:7      | Reached skill level 5 in Dodging
  6233 | D:7      | HP: 2/61 [boulder beetle (59)]
  6421 | D:7      | Killed a troll
  6422 | D:7      | Reached skill level 13 in Stealth
  6510 | D:7      | Reached XP level 10. HP: 66/66 MP: 1/10
  6700 | D:8      | Reached skill level 14 in Stealth
  7013 | D:7      | Killed a boulder beetle
  7014 | D:7      | Reached skill level 15 in Stealth
  7014 | D:7      | Reached skill level 1 in Evocations
  8402 | D:8      | Noticed a two-headed ogre
  8415 | D:8      | Mangled by a two-headed ogre

Illustrated notes

Levels and vault maps discovered:
D:1:      saegor_arrival_simple_b, layout_basic
D:2:      layout_basic, ebering_ecumenical_altar_rust
D:3:      layout_rooms, minmay_misc_feat_plants, uniq_grinder
D:4:      layout_rooms, serial_shops, nicolae_shop_waterfront,
          gup_ossuary_entry_pyramid
D:5:      layout_rooms, mainiacjoe_overflow_alcove_4, temple_fountains,
          minmay_misc_feat_rows, uniq_ijyb
D:6:      layout_cave_pools
D:7:      cheibrodos_barr_body, layout_rooms, uniq_pikel
D:8:      wad_woods_minihive, layout_basic, grunt_ministairs_3,
          minmay_misc_feat_chi
Temple:   kilobyte_greek_temple

Skill      XL: |  1  2  3  4  5  6  7  8  9 10 |
---------------+-------------------------------+-----
Stealth        | 6 8 10 11 13 15 | 15.0
Short Blades   | 3 4 5 6 7 8 |  8.0
Dodging        | 3 5 |  5.0
Fighting       | 3 5 |  5.8
Evocations     | 4 |  4.4
Throwing       | 3 |  3.5

Action                   |  1- 3 |  4- 6 |  7- 9 | 10-12 || total
-------------------------+-------+-------+-------+-------++-------
Melee: Dagger            |    27 |       |       |       ||    27
       Tentacles         |     3 |    16 |    48 |    34 ||   101
       Constrict         |     5 |    22 |    49 |    29 ||   105
       Quick blade       |    23 |    85 |   266 |   154 ||   528
Throw: Dart              |       |     6 |       |     2 ||     8
Evoke: Wand              |       |       |     2 |       ||     2
  Use: Scroll            |     3 |     1 |    11 |       ||    15
       Potion            |       |       |     4 |     1 ||     5
 Stab: Sleeping          |    19 |     4 |    22 |     3 ||    48
       Distracted        |       |       |     4 |     1 ||     5
Armor: Skin              |     1 |     1 |     9 |    12 ||    23
Dodge: Dodged            |    11 |    17 |    72 |    88 ||   188
